 Dungeon Crawl Stone Soup version 0.19.4-8-ga85b6b9 (webtiles) character file.

1542 esteth the Grappler (level 8, -9/42 HPs)
             Began as a Vine Stalker Monk on Feb 14, 2017.
             Was an Elder of Okawaru.
             Mangled by an orc warrior
             ... wielding a +0 glaive
              (15 damage)
             ... on level 6 of the Dungeon.
             The game lasted 00:15:23 (4258 turns).

esteth the Grappler (Vine Stalker Monk)             Turns: 4258, Time: 00:15:24

Health: -9/42      AC: 13    Str: 17    XL:     8   Next: 87%
Magic:  0/9        EV:  8    Int: 10    God:    Okawaru [****..]
Gold:   272        SH:  0    Dex: 16    Spells: 0 memorised, 7 levels left

rFire  . . .     SeeInvis .       - Unarmed
rCold  . . .     Gourm    .     r - +0 plate armour
rNeg   . . .     Faith    .     (no shield)
rPois  .         Spirit   +     (no helmet)
rElec  .         Reflect  .     (no cloak)
rCorr  +         Harm     .     f - +0 pair of gloves
MR     +....                    (no boots)
Stlth  ..........               (no amulet)
                                (no ring)
                                i - ring of resist corrosion

@: heroism
A: fangs 3, regeneration 1, magic shield, antimagic bite, no device heal 3, rot
immunity
a: Heroism, Renounce Religion


You were on level 6 of the Dungeon.
You worshipped Okawaru.
Okawaru was greatly pleased with you.
You were not hungry.

You visited 1 branch of the dungeon, and saw 6 of its levels.

You collected 272 gold pieces.

Inventory:

Armour
 f - a +0 pair of gloves (worn)
 g - a +0 ring mail
 r - a +0 plate armour (worn)
Jewellery
 a - an uncursed amulet of regeneration {unknown}
 i - a ring of resist corrosion (left hand)
Wands
 j - a wand of disintegration (8/24)
 o - a wand of iceblast (2/15)
Scrolls
 m - 2 scrolls of remove curse
 n - a scroll of identify
 s - a scroll of noise
 u - 3 scrolls of teleportation
Potions
 c - a potion of brilliance
 d - a potion of cure mutation {unknown}
 e - a potion of magic
 k - 2 potions of curing
 q - a potion of flight {unknown}
Books
 p - a book of Necromancy

   Spells                             Type                      Level
   a - Pain                           Necromancy                   1
   b - Animate Skeleton               Necromancy                   1
   c - Vampiric Draining              Necromancy                   3
   d - Regeneration                   Charms/Necromancy            3
   e - Animate Dead                   Necromancy                   4
   f - Control Undead                 Necromancy                   4
Comestibles
 b - 6 bread rations
 h - 3 meat rations
 l - a royal jelly
 t - 9 chunks of flesh


   Skills:
 - Level 3.8(8.8) Fighting
 - Level 2.4(7.4) Dodging
 - Level 2.4(7.4) Stealth
 + Level 10.7(15.7) Unarmed Combat


You had 7 spell levels left.
You didn't know any spells.

Dungeon Overview and Level Annotations

Branches:
Dungeon (6/15)
 Temple: D:4-7

Altars:
Makhleb
Nemelex Xobeh
Okawaru
Ru
Vehumet
Yredelemnul
The Shining One

Annotations:
D:3 appiemonkey's ghost, amateur MiFi
D:4 Paps's ghost, novice TrFi
D:6 Menkaure


Innate Abilities, Weirdness & Mutations

You have razor-sharp teeth.
Your natural rate of healing is unusually fast.
When hurt, damage is shared between your health and your magic reserves.
Your bite disrupts and absorbs the magic of your enemies.
Potions and wands cannot restore your health.
You are immune to rotting.


Message History

You punch the orc priest!
You kill the orc priest!
Okawaru accepts your kill.
The orc warrior hits you from afar with a glaive!
* * * LOW HITPOINT WARNING * * *
Okay, then.
You closely miss the orc. You bite the orc. You drain its power.
You feel invigorated.
You kill the orc!
Okawaru accepts your kill.
Menkaure calls on the powers of darkness!
The orc convulses!
The orc warrior convulses!
Your body is wracked with pain!
Menkaure calls on the powers of darkness!
The orc warrior convulses!
Your body is wracked with pain!
There is an open door here.
Menkaure calls on the powers of darkness!
The orc warrior convulses!
Your body is wracked with pain!
* * * LOW HITPOINT WARNING * * *
The orc warrior hits you from afar with a glaive!!
You die...

.# #.# .# #.# .# #.# .###.#
###### .#<#.# #....# .#.#.#
#....# .
.#.#.########....#########....
............'....'o...Mo......
.#.#.########...@##.###.......
.........)))#....##.# .#.....
.##########......##.# o# ####
.# ##(######.# o# .#
###(.#####.# o# .#
#####........#.# .# ..
.............#.# o# ##
.............#.#
(.....##..####


You could see an orc warrior, Menkaure and an orc.

Vanquished Creatures
  Grinder (D:5)
  An orc warrior (D:6)
  A phantom (D:5)
  3 sky beasts (D:5)
  2 ogres
  2 centaurs (D:5)
  A howler monkey (D:5)
  A crimson imp (D:6)
  A quasit (D:5)
  A hound (D:5)
  3 orc wizards
  4 orc priests
  A bullfrog skeleton (D:5)
  A worker ant zombie (D:5)
  3 gnolls (D:3)
  4 adders
  3 oozes
  3 adder zombies
  2 worms
  3 dart slugs
  2 leopard geckos
  11 orcs
  5 giant cockroaches
  7 goblins
  10 hobgoblins
  2 jackals (D:2)
  6 kobolds
  3 bats
  3 frilled lizards
  A giant cockroach zombie (D:5)
  17 rats
108 creatures vanquished.

Notes
Turn   | Place    | Note
-------+----------+-------------------------------------------
     0 | D:1      | esteth the Vine Stalker Monk began the quest for the Orb.
     0 | D:1      | Reached XP level 1. HP: 11/11 MP: 2/2
   244 | D:1      | Reached XP level 2. HP: 12/16 MP: 3/3
   877 | D:1      | Reached XP level 3. HP: 21/21 MP: 4/4
   958 | D:2      | Found a radiant altar of Vehumet.
  1374 | D:2      | Gained mutation: Your natural rate of healing is unusually fast. [Vine Stalker growth]
  1374 | D:2      | Reached XP level 4. HP: 25/25 MP: 5/5
  1860 | D:3      | Reached skill level 4 in Unarmed Combat
  2356 | D:3      | Noticed appiemonkey's ghost (amateur MiFi)
  2458 | D:4      | Found an iron altar of Okawaru.
  2480 | D:4      | Reached XP level 5. HP: 24/29 MP: 6/6
  2537 | D:4      | Became a worshipper of Warmaster Okawaru
  2537 | D:4      | Reached * piety under Okawaru
  2537 | D:4      | Reached ** piety under Okawaru
  2604 | D:4      | Reached skill level 5 in Unarmed Combat
  2967 | D:4      | Noticed Paps's ghost (novice TrFi)
  3077 | D:5      | Entered Level 5 of the Dungeon
  3077 | D:5      | Noticed a centaur
  3083 | D:5      | Noticed a phantom
  3165 | D:5      | Killed a phantom
  3165 | D:5      | Reached skill level 6 in Unarmed Combat
  3165 | D:5      | Reached XP level 6. HP: 21/33 MP: 5/7
  3205 | D:5      | Noticed Grinder
  3225 | D:5      | Paralysed by Grinder for 2 turns
  3235 | D:5      | HP: 1/33 [Grinder (1)]
  3236 | D:5      | Killed Grinder
  3236 | D:5      | Reached skill level 7 in Unarmed Combat
  3236 | D:5      | Reached XP level 7. HP: 1/37 MP: 0/8
  3320 | D:5      | Reached *** piety under Okawaru
  3416 | D:5      | Reached skill level 8 in Unarmed Combat
  3555 | D:5      | Found a glowing golden altar of the Shining One.
  3568 | D:5      | Reached skill level 9 in Unarmed Combat
  3568 | D:5      | Gained mutation: You have razor-sharp teeth. [Vine Stalker growth]
  3568 | D:5      | Reached XP level 8. HP: 24/42 MP: 9/9
  3641 | D:5      | Found a basalt altar of Yredelemnul.
  3740 | D:5      | Reached **** piety under Okawaru
  3813 | D:5      | Found a sparkling altar of Nemelex Xobeh.
  3814 | D:5      | Found a burning altar of Makhleb.
  3862 | D:5      | Found a sacrificial altar of Ru.
  3862 | D:5      | Found a faded altar of an unknown god.
  3867 | D:5      | Found a faded altar of an unknown god.
  3869 | D:5      | Found a faded altar of an unknown god.
  3871 | D:5      | Found a faded altar of an unknown god.
  4117 | D:6      | Reached skill level 10 in Unarmed Combat
  4242 | D:6      | Noticed Menkaure
  4258 | D:6      | Mangled by an orc warrior

Skill      XL: |  1  2  3  4  5  6  7  8 |
---------------+-------------------------+-----
Fighting       | 3 |  3.8
Unarmed Combat | 4 6 7 9 10 | 10.7
Dodging        | |  2.4
Stealth        | |  2.4

Action                   |  1- 3 |  4- 6 |  7- 9 || total
-------------------------+-------+-------+-------++-------
Melee: Unarmed           |   125 |   167 |   150 ||   442
       Bite              |    28 |    48 |    51 ||   127
       Punch             |     2 |     2 |     3 ||     7
Invok: Heroism           |       |     1 |     5 ||     6
  Use: Scroll            |     1 |     4 |     2 ||     7
       Potion            |       |     7 |       ||     7
 Stab: Sleeping          |     4 |     3 |     1 ||     8
  Eat: Chunk             |     2 |     5 |     4 ||    11
Armor: Ring mail         |    24 |    42 |    53 ||   119
       Plate armour      |       |       |    14 ||    14
Dodge: Dodged            |    69 |    84 |    68 ||   221
